 Dungeon Crawl Stone Soup version 0.29.1-1-gd02db6906a (webtiles) character file.

Game seed: 4370936995818912503

5615 Hadkhar the Thaumaturge (level 10, -13/53 HPs)
             Began as a Deep Elf Earth Elementalist on Oct 21, 2022.
             Was an Elder of Vehumet.
             Mangled by a two-headed ogre
             ... wielding a +0 giant club
              (19 damage)
             ... on level 9 of the Dungeon.
             The game lasted 01:01:38 (9421 turns).

Hadkhar the Thaumaturge (DEEE)                      Turns: 9421, Time: 01:01:38

Health: -13/53     AC: 11    Str:  4    XL:     10   Next: 45%
Magic:  15/26      EV: 20    Int: 28    God:    Vehumet [****..]
Gold:   456        SH:  5    Dex: 23    Spells: 12/30 levels left

rFire   . . .      SeeInvis .   I - +0 triple crossbow
rCold   . . .      Faith    .   (shield currently unavailable)
rNeg    . . .      Spirit   .   n - +5 leather armour of the Thinker {Str-3 Int+5 Dex+8}
rPois   .          Reflect  +   (no helmet)
rElec   .          Harm     .   P - +0 cloak
rCorr   .          Rampage  .   H - +1 pair of gloves
Will    +....                   (no boots)
Stlth   +++++.....              r - amulet of reflection
HPRegen 0.17/turn               c - +4 ring of evasion
MPRegen 0.20/turn               G - +4 ring of evasion

@: no status effects
A: no striking features
a: Renounce Religion


You were on level 9 of the Dungeon.
You worshipped Vehumet.
Vehumet was greatly pleased with you.
You visited 2 branches of the dungeon, and saw 10 of its levels.
You also visited: Ossuary.

You collected 456 gold pieces.

Inventory:

Hand Weapons
 m - a +0 great sword
 I - a +0 triple crossbow (weapon)
 S - a +0 trident of flaming
Missiles
 E - 5 javelins
Armour
 n - the +5 leather armour of the Thinker (worn) {Str-3 Int+5 Dex+8}
   (You found it on level 2 of the Dungeon)

   Str:       It affects your strength (-3).
   Int:       It affects your intelligence (+5).
   Dex:       It affects your dexterity (+8).
 H - a +1 pair of gloves (worn)
 O - a +2 leather armour of poison resistance
 P - a +0 cloak (worn)
Magical Staves
 y - a staff of fire
 R - a staff of cold
Jewellery
 c - a +4 ring of evasion (left hand)
 h - an amulet of magic regeneration
 r - an amulet of reflection (around neck)
 F - a +4 ring of slaying
 G - a +4 ring of evasion (right hand)
 Q - an amulet of regeneration
Wands
 x - a wand of flame (12)
 z - a wand of light (8)
 B - a wand of digging (1)
Scrolls
 f - 2 scrolls of enchant armour {unknown}
 g - a scroll of fear {unknown}
 j - 2 scrolls of teleportation {unknown}
 k - 3 scrolls of blinking {unknown}
 l - a scroll of vulnerability {unknown}
 q - 4 scrolls of enchant weapon
 t - a scroll of poison {unknown}
 v - a scroll of amnesia {unknown}
 w - 2 scrolls of immolation {unknown}
 D - 2 scrolls of butterflies {unknown}
 K - a scroll of brand weapon {unknown}
 L - 2 scrolls of acquirement {unknown}
 N - a scroll of silence {unknown}
Potions
 a - a potion of lignification
 b - a potion of magic
 d - 3 potions of attraction
 e - 8 potions of curing
 i - 3 potions of resistance
 o - a potion of berserk rage
 p - 2 potions of might
 s - a potion of mutation
 u - 3 potions of brilliance
 A - 3 potions of degeneration
 C - 2 potions of flight {unknown}
 J - 2 potions of ambrosia


   Skills:
 + Level 1.9 Fighting
 - Level 2.4 Dodging
 - Level 10.0 Stealth
 + Level 10.6 Spellcasting
 + Level 8.7 Conjurations
 - Level 1.1 Transmutations
 + Level 4.3 Ice Magic
 - Level 8.0 Earth Magic


You had 12 spell levels left.
You knew the following spells:

 Your Spells              Type           Power      Damage    Failure   Level
a - Sandblast             Erth           100%       2d20      1%          1
b - Stone Arrow           Conj/Erth      100%       3d13      1%          3
c - Passwall              Tmut/Erth      33%        N/A       1%          2
d - Hailstorm             Conj/Ice       51%        3d11      1%          4
e - Freezing Cloud        Conj/Ice/Air   19%        6-21      9%          5
f - Frozen Ramparts       Ice            78%        1d12      1%          3

Your spell library contained the following spells:

 Spells                   Type           Power      Damage    Failure   Level
 Conjure Flame            Conj/Fire      39%        6-21      1%          3
 Freeze                   Ice            100%       1d11      1%          1
 Mephitic Cloud           Conj/Pois/Air  31%        N/A       1%          3
 Beastly Appendage        Tmut           42%        N/A       4%          1
 Ignite Poison            Fire/Tmut/Pois 16%        N/A       4%          3
 Wereblood                Tmut           21%        N/A       6%          2
 Petrify                  Tmut/Erth      40%        N/A       11%         4
 Spider Form              Tmut/Pois      17%        N/A       16%         3


Dungeon Overview and Level Annotations

Branches:
Dungeon (9/15)             Temple (1/1) D:4         Ossuary (visited)
   Lair: D:8-11         Orc: D:9-12

Altars:
Ashenzari
Cheibriados
Dithmenos
Elyvilon
Fedhas
Gozag
Hepliaklqana
Kikubaaqudgha
Makhleb
Nemelex Xobeh
Okawaru
Qazlal
Ru
Sif Muna
Trog
Uskayaw
Vehumet
Wu Jian
Xom
Yredelemnul
Zin
The Shining One

Shops:
D:2 *=!   D:3 [


Message History

The yak gores you but does no damage. The yak closely misses you. x2
Unknown command.
You shoot a bolt. The bolt hits the yak!!
You kill the yak!
Vehumet accepts your kill. The yak barely misses you.
You shoot a bolt. The bolt hits the yak!
The yak is severely wounded.
The yak completely misses you. You block the yak's attack.
The yak barely misses you.
You shoot a bolt. The bolt closely misses the yak.
The bolt hits the two-headed ogre.
The two-headed ogre is lightly wounded.
You block the yak's attack. The yak barely misses you.
You shoot a bolt. The bolt hits the yak!!
You kill the yak!
Vehumet accepts your kill.
The two-headed ogre completely misses you.
The two-headed ogre hits you with a +0 giant club!
Casting: Sandblast (safe; 1% risk of failure)
Confirm with . or Enter, or press ? or * to list all spells.
Aiming: Stone Arrow (safe; 1% risk of failure)
Press: ? - help, Shift-Dir - straight line, f - two-headed ogre
Aim: a two-headed ogre, wielding two +0 giant clubs (lightly wounded, 89% to hit)
The stone arrow hits the two-headed ogre!!
The two-headed ogre is heavily wounded.
The two-headed ogre barely misses you.
The two-headed ogre hits you with a +0 giant club!!
* * * LOW HITPOINT WARNING * * *
Casting: Stone Arrow (safe; 1% risk of failure)
Confirm with . or Enter, or press ? or * to list all spells.
Aiming: Sandblast (safe; 1% risk of failure)
Press: ? - help, Shift-Dir - straight line, f/p - two-headed ogre
Aim: a two-headed ogre, wielding two +0 giant clubs (heavily wounded, 93% to hit)
The blast of sand hits the two-headed ogre!
The two-headed ogre is almost dead.
The two-headed ogre hits you with a +0 giant club.
* * * LOW HITPOINT WARNING * * *
The two-headed ogre hits you with a +0 giant club!!
You die...

#################################
.................................
..)..............................
.........########################
)........# #
.........########################
)...............@Ooo.............
...################o.............
##.# #...########### #.# #...#
#.# #Yo.# #.####### #..o#
##...>.... ......$..Y.....
.......... .......o/.O....
#######... ...............


You could see a two-headed ogre, an orc warrior and 2 orcs.

Vanquished Creatures
  Maurice (D:8)
  Prince Ribbit (D:6)
  6 yaks (D:9)
  Menkaure (D:7)
  2 steam dragons
  2 acid dragons (D:8)
  A water moccasin (D:5)
  An ice beast (D:6)
  5 orc warriors
  2 black bears
  A centaur (D:8)
  An ogre (D:7)
  2 kobold brigands
  Blork the orc (D:4)
  2 elf zombies (Ossuary)
  2 necrophages
  3 gnoll sergeants
  4 scorpions
  9 killer bees
  3 wights (D:9)
  2 human zombies (Ossuary)
  3 orc priests
  2 gnoll boudas
  4 hounds
  2 jellies
  An iguana (D:6)
  11 orc wizards
  4 mummies (Ossuary)
  2 hound zombies (Ossuary)
  14 gnolls
  6 adders
  3 white imps
  2 ufetubi
  An adder zombie (Ossuary)
  4 worms
  4 dart slugs
  43 orcs
  A ball python (D:3)
  7 endoplasms
  A giant cockroach (D:2)
  A gnoll zombie (Ossuary)
  3 goblins (D:2)
  5 hobgoblins
  4 jackals (D:2)
  A quokka (D:3)
  10 bats
  2 goblin zombies (Ossuary)
  A hobgoblin zombie (Ossuary)
  19 kobolds
  An orc zombie (Ossuary)
  5 rats
219 creatures vanquished.

Vanquished Creatures (others)
  4 plants (D:6)
4 creatures vanquished.

Grand Total: 223 creatures vanquished

Notes
Turn   | Place    | Note
-------+----------+-------------------------------------------
     0 | D:1      | Hadkhar the Deep Elf Earth Elementalist began the quest for
                  | the Orb.
     0 | D:1      | Reached XP level 1. HP: 10/10 MP: 6/6
   491 | D:1      | Reached XP level 2. HP: 15/15 MP: 6/8
   527 | D:1      | Found a faded altar of an unknown god.
   709 | D:2      | Found Xuqep's Assorted Antiques.
  1175 | D:2      | Reached XP level 3. HP: 19/19 MP: 3/10
  1344 | D:2      | Identified the +5 leather armour of the Thinker {Str-3
                  | Int+5 Dex+8}
  1542 | D:2      | Found Jiet's Jewellery Shop.
  1639 | D:2      | Found Galie's Distillery.
  2025 | D:3      | Reached XP level 4. HP: 24/24 MP: 9/11
  2101 | D:3      | Found a faded altar of an unknown god.
  2101 | D:3      | Found a hide-covered altar of Uskayaw.
  2106 | D:3      | Found a white marble altar of Elyvilon.
  2108 | D:3      | Found a faded altar of an unknown god.
  2110 | D:3      | Found a basalt altar of Yredelemnul.
  2150 | D:3      | Found Fotiamo's Armour Shoppe.
  2364 | D:4      | Noticed a scorpion
  2372 | D:4      | Killed a scorpion
  2373 | D:4      | Reached skill level 5 in Earth Magic
  2373 | D:4      | Reached XP level 5. HP: 28/28 MP: 6/13
  2540 | D:4      | Found a staircase to the Ecumenical Temple.
  2551 | Temple   | Entered the Ecumenical Temple
  2743 | Temple   | Became a worshipper of Vehumet
  3181 | D:4      | Noticed Blork the orc
  3185 | D:4      | Killed Blork the orc
  3609 | D:5      | Entered Level 5 of the Dungeon
  3690 | D:5      | Learned a level 3 spell: Stone Arrow
  3732 | D:5      | Reached skill level 5 in Spellcasting
  3732 | D:5      | Reached XP level 6. HP: 14/32 MP: 11/15
  3948 | D:5      | Reached skill level 5 in Stealth
  4119 | D:5      | Noticed an orc warrior
  4121 | D:5      | Noticed an orc warrior
  4136 | D:5      | Killed an orc warrior
  4137 | D:5      | Reached XP level 7. HP: 31/36 MP: 0/17
  4172 | D:5      | Reached * piety under Vehumet
  4172 | D:5      | Offered knowledge of Magic Dart by Vehumet.
  4956 | D:5      | Reached XP level 8. HP: 40/41 MP: 18/20
  5113 | D:6      | Reached skill level 1 in Conjurations
  5529 | D:6      | Offered knowledge of Searing Ray by Vehumet.
  5540 | D:6      | Learned a level 2 spell: Passwall
  5654 | D:6      | Reached ** piety under Vehumet
  5806 | D:7      | Noticed Prince Ribbit
  5812 | D:6      | Killed Prince Ribbit
  5925 | D:7      | Reached skill level 5 in Conjurations
  6101 | D:7      | Found a sand-covered staircase.
  6110 | Ossuary  | Entered an ossuary
  6142 | Ossuary  | Reached XP level 9. HP: 33/45 MP: 12/23
  6420 | D:7      | Offered knowledge of Dazzling Flash by Vehumet.
  6588 | D:7      | Reached *** piety under Vehumet
  6797 | D:7      | Learned a level 4 spell: Hailstorm
  6803 | D:7      | Learned a level 5 spell: Freezing Cloud
  6807 | D:7      | Learned a level 3 spell: Frozen Ramparts
  6878 | D:7      | Noticed Menkaure
  6886 | D:7      | Killed Menkaure
  7255 | D:7      | Found a shimmering blue altar of Sif Muna.
  7693 | D:8      | Reached skill level 1 in Ice Magic
  7801 | D:8      | Offered knowledge of Sticky Flame by Vehumet.
  8396 | D:8      | Noticed Maurice
  8402 | D:8      | Killed Maurice
  8403 | D:8      | Reached XP level 10. HP: 50/50 MP: 18/25
  8654 | D:8      | Reached skill level 10 in Spellcasting
  8747 | D:8      | Found a shadowy altar of Dithmenos.
  8863 | D:9      | Reached skill level 10 in Stealth
  9401 | D:9      | Reached **** piety under Vehumet
  9402 | D:9      | Reached skill level 1 in Fighting
  9405 | D:9      | Offered knowledge of Conjure Flame by Vehumet.
  9406 | D:9      | Noticed a two-headed ogre
  9421 | D:9      | Mangled by a two-headed ogre

Illustrated notes

Levels and vault maps discovered:
D:1:      matt_arrival_diagonals, layout_basic,
          shapermc_ecumenical_altar_mp_urbaneastern
D:2:      layout_basic, serial_shops, shop, shop, shop,
          nicolae_concentric_dashed_squares_wild, minmay_misc_feat_plants
D:3:      layout_rooms, chequers_temple_overflow_minitemple, serial_shops,
          nicolae_shop_waterfront
D:4:      layout_basic, minmay_temple_entry_butterflies, uniq_blork_the_orc
D:5:      layout_loops_ring, minmay_misc_feat_secret_circle, sword_in_stone
D:6:      wad_lake_hut, layout_rooms, nrook_uturn
D:7:      layout_loops_ring, lemuel_tele_altar,
          lightli_ossuary_entry_decrepit_ruins, uniq_menkaure,
          uniq_prince_ribbit1
D:8:      layout_gridville, kennysheep_mini, uniq_maurice
D:9:      layout_long_grid
Temple:   nicolae_temple_bog_church

Skill      XL: |  1  2  3  4  5  6  7  8  9 10 |
---------------+-------------------------------+-----
Stealth        | 3 4 5 6 8 9 10 | 10.0
Earth Magic    | 4 5 6 7 8 |  8.0
Spellcasting   | 4 5 6 8 9 10 | 10.6
Conjurations   | 5 8 |  8.7
Ice Magic      | 2 4 |  4.3
Fighting       | 1 |  1.9
Dodging        | |  2.4
Transmutations | |  1.1

Action                   |  1- 3 |  4- 6 |  7- 9 | 10-12 || total
-------------------------+-------+-------+-------+-------++-------
Melee: Long sword        |     8 |    11 |     9 |       ||    28
       Great sword       |       |       |    36 |       ||    36
 Fire: Triple crossbow   |       |       |    23 |    21 ||    44
 Cast: Sandblast         |    52 |    63 |   153 |    17 ||   285
       Stone Arrow       |       |     4 |    19 |    18 ||    41
       Hailstorm         |       |       |     1 |       ||     1
Evoke: Wand              |       |       |     4 |       ||     4
  Use: Scroll            |       |     6 |     4 |     2 ||    12
       Potion            |       |     1 |     3 |       ||     4
Armor: Robe              |     7 |       |       |       ||     7
       Leather armour    |     3 |    16 |    73 |     3 ||    95
Dodge: Dodged            |    23 |    31 |   226 |    15 ||   295
Block: Other             |     1 |     7 |    62 |     7 ||    77
       Reflection        |     1 |       |     1 |       ||     2
